 Dungeon Crawl Stone Soup version 0.20-a0-681-gf83e07f (webtiles) character file.

2782 shpingle the Ruffian (level 9, -1/79 HPs)
             Began as a Troll Skald on Feb 19, 2017.
             Was a Believer of Elyvilon.
             Slain by a wolf (6 damage)
             ... led by Grum
             ... on level 7 of the Dungeon.
             The game lasted 00:26:48 (6828 turns).

shpingle the Ruffian (Troll Skald)                  Turns: 6828, Time: 00:26:48

Health: -1/79      AC:  5    Str: 21    XL:     9   Next: 43%
Magic:  11/12      EV: 12    Int: 10    God:    Elyvilon [**....]
Gold:   251        SH:  2    Dex: 13    Spells: 1/13 levels left

rFire    . . .     SeeInvis .     - Unarmed
rCold    . . .     Gourm    +   a - +0 robe
rNeg     . . .     Faith    .   (no shield)
rPois    +         Spirit   .   (helmet restricted)
rElec    .         Reflect  +   (no cloak)
rCorr    .         Harm     .   (gloves unavailable)
MR       .....                  (boots unavailable)
Stlth    +.........             t - +2 amulet of reflection
Regen    0.7/turn               (no ring)
MPRegen  0.2/turn               v - ring of wizardry

@: no status effects
A: unfitting armour, claws 3, fangs 1, agile 1, fast metabolism 3, gourmand,
poison resistance, regeneration 1, shaggy fur 1, tough skin 2, MP-powered wands
a: Lesser Healing, Heal Other, Divine Protection, Renounce Religion


You were on level 7 of the Dungeon.
You worshipped Elyvilon.
Elyvilon was pleased with you.
You were not hungry.

You visited 1 branch of the dungeon, and saw 8 of its levels.

You collected 251 gold pieces.

Inventory:

Missiles
 e - 315 stones
 r - 5 exploding tomahawks
 u - 24 poisoned needles
 w - 5 tomahawks
 D - 5 javelins (quivered)
 I - a throwing net
 N - 2 curare-tipped needles
Armour
 a - a +0 robe (worn)
 C - a +0 shield
Jewellery
 d - an uncursed amulet of the gourmand
 i - an uncursed amulet of faith
 t - a +2 amulet of reflection (around neck)
 v - a ring of wizardry (left claw)
Wands
 l - a wand of lightning (7/15)
Scrolls
 m - 2 scrolls of enchant armour {unknown}
 n - a scroll of fear {unknown}
 q - 2 scrolls of teleportation
 s - 5 scrolls of remove curse
 y - a scroll of immolation
 z - 2 scrolls of amnesia {unknown}
 G - 3 scrolls of noise {unknown}
 H - a scroll of fog {unknown}
 J - a scroll of vulnerability {unknown}
 K - a scroll of silence {unknown}
 L - a scroll of enchant weapon {unknown}
 M - a scroll of recharging {unknown}
Potions
 g - a potion of ambrosia
 o - a potion of curing
 p - 3 potions of cancellation
 A - a potion of degeneration
 E - a potion of flight
Books
 b - a book of Battle

   Spells                             Type                      Level
   a - Infusion                       Charms                       1
   b - Shroud of Golubria             Charms/Translocation         2
   c - Song of Slaying                Charms                       2
   d - Spectral Weapon                Hexes/Charms                 3
   e - Regeneration                   Charms/Necromancy            3
 x - a book of Maledictions

   Spells                             Type                      Level
   a - Corona                         Hexes                        1
   b - Ensorcelled Hibernation        Hexes/Ice                    2
   c - Confuse                        Hexes                        3
   d - Tukima's Dance                 Hexes                        3
   e - Dazzling Spray                 Conjuration/Hexes            3
 B - a book of Cantrips

   Spells                             Type                      Level
   a - Confusing Touch                Hexes                        1
   b - Animate Skeleton               Necromancy                   1
   c - Summon Small Mammal            Summoning                    1
   d - Apportation                    Translocation                1
Comestibles
 c - 7 bread rations
 j - 4 fruits
 k - 2 royal jellies
 F - a meat ration


   Skills:
 - Level 2.2 Fighting
 - Level 1.2 Armour
 + Level 4.5 Dodging
 * Level 3.8 Shields
 * Level 6.7 Unarmed Combat
 + Level 2.7 Spellcasting
 + Level 2.1 Hexes
 + Level 4.1 Charms
 - Level 3.0 Necromancy


You had one spell level left.
You knew the following spells:

 Your Spells              Type           Power        Failure   Level  Hunger
a - Infusion              Chrm           #...         3%          1    ##.....
b - Song of Slaying       Chrm           #.......     4%          2    ###....
c - Regeneration          Chrm/Necr      #.........   9%          3    ####...
d - Confusing Touch       Hex            #.....       6%          1    ##.....
e - Dazzling Spray        Conj/Hex       #.....       32%         3    ####...
f - Apportation           Tloc           #.....       12%         1    ##.....
z - Animate Skeleton      Necr           N/A          4%          1    ##.....


Dungeon Overview and Level Annotations

Branches:
Dungeon (8/15)             Temple (0/1) D:5
   Lair: D:8-11

Altars:
Ashenzari
Dithmenos
Elyvilon
Hepliaklqana
Makhleb
Okawaru
Vehumet
The Shining One

Annotations:
D:4 exclusion: statue
D:8 Grum


Innate Abilities, Weirdness & Mutations

You are too large for most types of armour.
You have claws for hands.
Your metabolism is lightning-fast.
You like to eat raw meat.
Your natural rate of healing is unusually fast.
You are covered in fur. (AC +1)
You have very tough skin. (AC +2)
You have very sharp teeth.
You are agile. (Dex +2)
Your system is resistant to poisons. (rPois)
You expend magic power (3 MP) to strengthen your wands.


Message History

The wolf closely misses you. x2
Casting: Confusing Touch
Confirm with . or Enter, or press ? or * to list all spells.
Your claws begin to glow red.
The wolf seems less confused.
The wolf closely misses you.
You scratch the wolf but do no damage.
The wolf appears confused.
You claw the wolf, but do no damage.
Your claws stop glowing.
The wolf seems less confused.
The wolf barely misses you. You block the wolf's attack.
You barely miss the wolf. The wolf bites you.
* * * LOW HITPOINT WARNING * * *
The wolf bites you!
* * * LOW HITPOINT WARNING * * *
The wolf bites you.
* * * LOW HITPOINT WARNING * * *
You feel better. The wolf bites you.
* * * LOW HITPOINT WARNING * * *
The wolf bites the wolf.
The wolf completely misses you. The wolf bites you.
You die...

#......... #.######## ####.#
#....# #.#### #########
######.##### #.......#
#>h........# ##.####.#
#h##.#.###↑# #.# #.# #@##.#.#
#.## #.####.# #h##.#.#
#..###### #....#.# #.##.#.#
##.##.... ####.#.# #.##.#.#
#.##.### #.#.# #.##.#.#
#..#.#<. #.#.#
#.##.#.#####.#.###
#.#.######.................
#####.#......####.#.#####...#.#
#<.↑#.#...........#.........#..


You could see 3 wolves.

Vanquished Creatures
  Eustachio (D:6)
  Menkaure (D:5)
  A water moccasin (D:6)
  An ice beast (D:7)
  2 necrophages
  3 orc warriors
  2 ogres
  A wolf (D:7)
  The ghost of knot the Sneak, an amateur DsAs (D:3)
  A gnoll sergeant (D:5)
  4 bullfrogs
  A water moccasin zombie (D:7)
  2 scorpions
  A wight (D:5)
  A bullfrog zombie (D:7)
  4 hounds
  2 bullfrog skeletons
  3 orc priests
  A gnoll shaman (D:6)
  An iguana (D:6)
  4 worker ants
  9 orc wizards
  4 hound skeletons
  9 gnolls
  A howler monkey skeleton (D:5)
  11 adders
  A shadow imp (D:6)
  A worm (D:2)
  A dart slug (D:2)
  4 leopard geckos
  19 orcs
  7 giant cockroaches
  11 goblins
  8 hobgoblins
  8 jackals
  4 quokkas
  2 ball pythons
  8 bats
  4 frilled lizards
  10 kobolds
  2 leopard gecko skeletons (D:6)
  7 rats
169 creatures vanquished.

Notes
Turn   | Place    | Note
-------+----------+-------------------------------------------
     0 | D:1      | shpingle the Troll Skald began the quest for the Orb.
     0 | D:1      | Reached XP level 1. HP: 19/19 MP: 1/1
   269 | D:1      | Reached XP level 2. HP: 27/27 MP: 2/2
   815 | D:2      | Reached XP level 3. HP: 21/33 MP: 3/3
  1166 | D:2      | Found a shadowy altar of Dithmenos.
  1326 | D:2      | Found a glowing golden altar of the Shining One.
  1463 | D:3      | Noticed knot's ghost (amateur DsAs)
  1697 | D:3      | Reached XP level 4. HP: 41/41 MP: 0/4
  1708 | D:3      | Reached skill level 3 in Unarmed Combat
  2099 | D:3      | Killed knot's ghost
  2099 | D:3      | Reached skill level 3 in Charms
  2099 | D:3      | Reached XP level 5. HP: 9/48 MP: 5/5
  2171 | D:3      | Learned a level 2 spell: Song of Slaying
  2175 | D:3      | Learned a level 3 spell: Regeneration
  2556 | D:3      | Reached skill level 3 in Dodging
  2620 | D:4      | Found a radiant altar of Vehumet.
  2620 | D:4      | Noticed a charred statue
  2637 | D:4      | Reached skill level 4 in Unarmed Combat
  2637 | D:4      | Reached XP level 6. HP: 55/57 MP: 5/7
  2798 | D:4      | Found a white marble altar of Elyvilon.
  2950 | D:4      | Reached XP level 7. HP: 54/65 MP: 5/8
  3076 | D:4      | Found an iron altar of Okawaru.
  3190 | D:4      | Found a hazy altar of Hepliaklqana.
  3300 | D:5      | Entered Level 5 of the Dungeon
  3351 | D:5      | Learned a level 1 spell: Animate Skeleton
  3353 | D:5      | Learned a level 1 spell: Confusing Touch
  3651 | D:4      | Gained mutation: You expend magic power (3 MP) to strengthen your wands. [potion of mutation]
  3651 | D:4      | Gained mutation: You have very sharp teeth. [potion of mutation]
  3651 | D:4      | Gained mutation: You are agile. (Dex +2) [potion of mutation]
  3651 | D:4      | Gained mutation: Your system is resistant to poisons. (rPois) [potion of mutation]
  3782 | D:5      | Reached skill level 5 in Unarmed Combat
  3852 | D:5      | diggable double sword, fwiw
  3862 | D:5      | Noticed Menkaure
  4029 | D:5      | Killed Menkaure
  4029 | D:5      | Reached XP level 8. HP: 72/72 MP: 7/9
  4113 | D:5      | Found a staircase to the Ecumenical Temple.
  4176 | D:4      | Became a worshipper of Elyvilon the Healer
  4426 | D:6      | Found a burning altar of Makhleb.
  5023 | D:6      | Noticed Eustachio
  5039 | D:6      | Killed Eustachio
  5447 | D:6      | Reached * piety under Elyvilon
  5451 | D:6      | Found a shattered altar of Ashenzari.
  5467 | D:6      | Reached skill level 6 in Unarmed Combat
  5477 | D:6      | Reached skill level 3 in Shields
  5741 | D:7      | Reached XP level 9. HP: 78/79 MP: 11/11
  5838 | D:7      | Learned a level 3 spell: Dazzling Spray
  5840 | D:7      | Learned a level 1 spell: Apportation
  6399 | D:7      | Reached ** piety under Elyvilon
  6561 | D:8      | Noticed a two-headed ogre
  6734 | D:8      | Noticed Grum
  6749 | D:7      | Reached skill level 3 in Necromancy
  6827 | D:7      | HP: 2/79 [wolf[Grum] (5)]
  6828 | D:7      | Slain by a wolf

Vault maps used:
D:1:      minmay_arrival_three_doors, serial_glass, glass_columns_c,
          glass_columns_b, glass_columns_a, patterned_corridor
D:2:      nicolae_overflow_crystal_walls, tso_altar
D:3:      minmay_strange_pillars
D:4:      corexii_shack_village, vehumet_statue, okawaru_trees_1,
          nicolae_overflow_hidden_temple, lemuel_round_altar, first_bread
D:5:      temple_hall, corexii_checkpoint_a, minmay_misc_feat_tiny,
          sword_in_stone, uniq_menkaure
D:6:      makhleb_blood_cavern_becter, lemuel_crystal_altar, uniq_eustachio
D:8:      lemuel_crystal_altar, kennysheep_mini, minmay_lair_entry_lava,
          chequers_big_river, uniq_grum

Skill      XL: |  1  2  3  4  5  6  7  8  9 |
---------------+----------------------------+-----
Dodging        | 2 3 4 |  4.5
Unarmed Combat | 3 4 5 6 |  6.7
Charms         | 3 4 |  4.1
Armour         | 1 |  1.2
Fighting       | 2 |  2.2
Necromancy     | 1 2 3 |  3.0
Shields        | 1 3 |  3.8
Spellcasting   | 2 |  2.7
Hexes          | 1 2 |  2.1

Action                   |  1- 3 |  4- 6 |  7- 9 || total
-------------------------+-------+-------+-------++-------
Melee: Unarmed           |   107 |   164 |   377 ||   648
       Punch             |       |     1 |    11 ||    12
       Bite              |       |       |    39 ||    39
Throw: Stone             |       |     9 |       ||     9
       Tomahawk          |       |       |     4 ||     4
       Javelin           |       |       |     5 ||     5
 Cast: Infusion          |     4 |     4 |     6 ||    14
       Song of Slaying   |       |     3 |     2 ||     5
       Confusing Touch   |       |       |    55 ||    55
       Regeneration      |       |       |     4 ||     4
  Use: Potion            |       |     2 |     2 ||     4
       Scroll            |       |       |    10 ||    10
 Stab: Sleeping          |       |     1 |     1 ||     2
       Confused          |       |       |    24 ||    24
  Eat: Chunk             |    13 |    17 |    37 ||    67
Armor: Robe              |    27 |    43 |    43 ||   113
Dodge: Dodged            |    48 |    60 |   153 ||   261
Block: Other             |       |     5 |    14 ||    19
       Shield            |       |       |     4 ||     4
